Map: Lerilak Crest

Players

Cantrix

  • Race: Terran Terran
  • League: Diamond

MorN - Winner!

  • Race: Terran Terran
  • League: Platinum

VOD

Have the link to the VOD?

Description

Time

  • Played on: Nov. 12, 2015, 4:40 p.m.
  • Length: 7:25
Show
View Real Time Build Order
Export as new Build Order

Cantrix Terran 

Build Orders: Reaper Expand 

Get SALT Encoding   

  12  0:00  SCV  
  13  0:12  SCV  
  14  0:17  Supply Depot  
  14  0:25  SCV  
  15  0:39  SCV  
  15  0:40  Barracks  
  16  0:46  Refinery  
  16  0:51  SCV  
  17  1:03  SCV  
  18  1:15  SCV  
  19  1:28  Orbital Command  
  19  1:29  Reaper  
  19  1:30  Supply Depot  
  20  1:55  SCV  
  20  1:57  Command Center  
  21  2:01  Reaper  
  21  2:07  SCV  
  23  2:19  SCV  
  24  2:24  Factory  
  24  2:31  SCV  
  24  2:33  Marine  
  26  2:43  SCV  
  27  2:46  Command Center  
  27  2:54  Barracks Tech Lab, Refinery  
  27  2:55  Barracks Reactor  
  27  2:56  SCV  
  28  3:03  Supply Depot  
  28  3:08  SCV  
  28  3:10  Orbital Command  
  29  3:20  SCV  
  30  3:32  SCV  
  30  3:33  Refinery  
  31  3:37  SCV  
  31  3:40  Barracks Tech Lab  
  31  3:41  Hellion x2  
  36  3:44  SCV  
  37  3:49  SCV  
  38  3:56  SCV  
  38  3:58  Orbital Command  
  38  4:01  SCV  
  38  4:02  Hellion x2  
  44  4:08  SCV  
  45  4:10  Engineering Bay  
  45  4:12  Supply Depot  
  45  4:13  Supply Depot, SCV  
  47  4:24  Hellion x2  
  47  4:25  SCV x2  
  48  4:31  SCV  
  48  4:38  Missile Turret  
  46  4:41  Missile Turret  
  44  4:50  SCV x3  
  41  5:02  SCV  
  41  5:05  Hellion x2  
  44  5:15  SCV x3  
  46  5:27  SCV x3  
  46  5:43  Refinery, Missile Turret  
  46  5:44  SCV x3  
  46  5:47  Barracks Reactor  
  47  5:51  Factory Tech Lab  
  47  5:56  SCV x2  
  47  5:57  SCV  
  46  6:04  Starport  
  46  6:06  Starport x2, Missile Turret  
  46  6:08  SCV  
  46  6:09  SCV x2  
  43  6:20  SCV  
  31  6:37  Missile Turret  
  29  6:43  Starport Tech Lab x2  
  29  6:44  Viking  
  30  6:52  Armory, SCV  
  30  6:53  SCV x2  
  28  7:04  SCV  
  28  7:05  SCV x2  
Show
View Real Time Build Order
Export as new Build Order

MorN Terran - Winner!

Build Orders: 1/1/1, Banshee Rush 

Get SALT Encoding   

  12  0:00  SCV  
  13  0:13  SCV  
  14  0:17  Supply Depot  
  14  0:25  SCV  
  15  0:39  SCV, Refinery  
  16  0:44  Barracks  
  16  0:51  SCV  
  17  1:03  SCV  
  18  1:16  SCV  
  19  1:30  Orbital Command  
  19  1:34  Marine  
  20  1:41  Factory  
  20  1:49  Supply Depot  
  20  1:53  Marine  
  21  1:59  SCV  
  22  2:02  Refinery  
  22  2:11  SCV, Marine  
  23  2:24  SCV  
  23  2:28  Starport  
  24  2:30  Marine  
  24  2:36  SCV  
  26  2:38  Factory Tech Lab  
  26  2:42  Supply Depot  
  26  2:47  Marine  
  26  2:48  SCV  
  28  2:57  Command Center  
  28  3:07  SCV  
  28  3:11  Banshee  
  32  3:13  Cloaking Field  
  32  3:16  Marine  
  33  3:22  Factory Tech Lab  
  33  3:24  SCV  
  34  3:32  Supply Depot  
  34  3:34  Barracks Reactor  
  34  3:39  SCV  
  35  3:52  SCV  
  35  3:54  Raven  
  38  4:04  SCV  
  38  4:06  Barracks  
  38  4:07  Barracks  
  40  4:10  Orbital Command  
  40  4:14  Marine x2  
  40  4:16  SCV  
  42  4:33  SCV  
  42  4:37  Orbital Command  
  43  4:51  SCV  
  43  4:52  Siege Tank  
  47  5:03  SCV, Starport Reactor  
  48  5:09  SCV  
  49  5:17  Stimpack  
  49  5:18  SCV  
  50  5:24  SCV, Widow Mine  
  50  5:26  Supply Depot  
  53  5:30  SCV  
  54  5:36  SCV  
  54  5:38  Marine x3  
  54  5:41  Supply Depot  
  54  5:42  SCV  
  59  5:43  Refinery  
  59  5:47  Marine  
  59  5:48  SCV  
  59  5:49  Medivac x2  
  65  5:54  SCV, Engineering Bay  
  65  5:56  Siege Tank, Marine  
  70  6:03  SCV  
  71  6:04  Supply Depot  
  71  6:05  Supply Depot, Marine  
  71  6:06  SCV, Marine  
  71  6:07  Barracks Reactor  
  73  6:15  SCV  
  65  6:18  SCV  
  64  6:27  SCV  
  64  6:31  SCV  
  66  6:33  Marine x2  
  66  6:34  Marine  
  66  6:38  Missile Turret  
  66  6:39  SCV  
  70  6:40  Missile Turret  
  70  6:41  Supply Depot  
  70  6:43  SCV  
  70  6:46  Marine x2  
  73  6:50  Marine  
  73  6:51  Marine  
  73  6:54  Command Center, SCV  
  76  6:55  SCV  
  76  6:57  Supply Depot  
  77  7:06  SCV  
Tags
 
Add a new tag
Caveats
  • Supply blocks, unpowered buildings, or Contaminate may cause inaccurate times.
  • Supply counts are checked every 10 seconds.